 Dungeon Crawl Stone Soup version 0.23.2-40-g277498a001 (webtiles) character file.

Game seed: 15807342884675144317

3110 ANON1729 the Cleaver (level 9, -1/90 HPs)
             Began as a Naga Gladiator on Sept 19, 2019.
             Was a Follower of Uskayaw.
             Slain by an orc warrior
             ... wielding a +0 trident
              (18 damage)
             ... on level 9 of the Dungeon.
             The game lasted 00:17:40 (9219 turns).

ANON1729 the Cleaver (Naga Gladiator)               Turns: 9219, Time: 00:17:41

Health: -1/90      AC: 10    Str: 20    XL:     9   Next: 91%
Magic:  9/9        EV: 10    Int: 12    God:    Uskayaw [*.....]
Gold:   306        SH:  0    Dex: 15    Spells: 8/8 levels left

rFire    + . .     SeeInvis +   a - +0 war axe
rCold    . . .     Gourm    .   (no shield)
rNeg     . . .     Faith    .   N - +1 scale mail "Lieg Hin" {rF+ Int+4 Slay+3} (curse)
rPois    +         Spirit   .   c - +0 helmet
rElec    .         Reflect  .   m - +0 cloak
rCorr    .         Harm     .   p - +0 pair of gloves
MR       +....                  (no barding)
Stlth    ..........             E - amulet of the acrobat
HPRegen  0.25/turn              A - +2 ring of dexterity
MPRegen  0.11/turn              (no ring)

@: slowed, very slow
A: large, see invisible, deformed body, poison resistance, slowness 2, slow
metabolism 1, spit poison 1, AC +3
a: Spit Poison, Stomp, Renounce Religion


You were on level 9 of the Dungeon.
You worshipped Uskayaw.
Uskayaw was noncommittal.
You were not hungry.

You visited 2 branches of the dungeon, and saw 10 of its levels.
You also visited: Sewer.

You collected 428 gold pieces.
You spent 122 gold pieces at shops.

Inventory:

Hand Weapons
 a - a +0 war axe (weapon)
 D - a +5 dagger of speed
 J - the cursed +2 flail of Watchfulness {flame, MR++, unknown}
   (You found it on level 5 of the Dungeon)

   It has been specially enchanted to burn those struck by it, causing extra
   injury to most foes and up to half again as much damage against particularly
   susceptible opponents.
   It affects your resistance to hostile enchantments.
   It has a curse placed upon it.
Missiles
 d - 4 throwing nets (quivered)
Armour
 b - a +0 leather armour
 c - a +0 helmet (worn)
 m - a +0 cloak (worn)
 p - a +0 pair of gloves (worn)
 s - a scarf of cloud immunity
 I - the +1 chain mail of Kuisuag {rF- Regen+ Dex+10}
   (You found it on level 4 of the Dungeon)

   It affects your dexterity (+10).
   It makes you vulnerable to fire.
   It increases your rate of regeneration.
 N - the cursed +1 scale mail "Lieg Hin" (worn) {rF+ Int+4 Slay+3}
   (You found it on level 8 of the Dungeon)

   It affects your intelligence (+4).
   It affects your accuracy and damage with ranged weapons and melee attacks
   (+3).
   It protects you from fire.
   It has a curse placed upon it.
Jewellery
 A - a +2 ring of dexterity (left hand)
 E - an amulet of the acrobat (around neck)
 L - an uncursed ring of poison resistance {unknown}
 M - an uncursed ring of resist corrosion {unknown}
Scrolls
 g - 9 scrolls of teleportation
 i - a scroll of enchant armour
 j - a scroll of magic mapping
 n - a scroll of holy word
 q - 3 scrolls of blinking
 r - 3 scrolls of fog
 u - 2 scrolls of fear
 x - 5 scrolls of remove curse
 y - a scroll of identify
 B - a scroll of immolation
 G - 2 scrolls of amnesia
 H - a scroll of summoning {unknown}
 K - a scroll of noise {unknown}
Potions
 e - a potion of ambrosia
 h - 5 potions of agility {unknown}
 k - a potion of flight {unknown}
 l - 2 potions of mutation {unknown}
 o - 2 potions of invisibility {unknown}
 t - 6 potions of heal wounds {unknown}
 v - 7 potions of curing
 w - 2 potions of might {unknown}
 z - 2 potions of brilliance {unknown}
 C - 2 potions of haste {unknown}
 F - a potion of cancellation {unknown}
Comestibles
 f - 16 rations
 O - 5 chunks of flesh


   Skills:
 * Level 8.8 Fighting
 * Level 9.2 Axes
 - Level 1.8 Throwing
 + Level 5.5 Dodging


You had 8 spell levels left.
You didn't know any spells.
Your spell library contained the following spells:

 Spells                   Type           Power        Failure   Level  Hunger
 Confusing Touch          Hex            #.....       69%         1    ##.....
 Freeze                   Ice            #...         69%         1    ##.....
 Infusion                 Chrm           #...         69%         1    ##.....
 Shroud of Golubria       Chrm/Tloc      #.........   83%         2    ###....
 Song of Slaying          Chrm           #.......     83%         2    ###....
 Throw Frost              Conj/Ice       #.....       83%         2    ###....
 Confuse                  Hex            #.......     96%         3    ####...
 Gell's Gravitas          Tloc           #.........   96%         3    ####...
 Ozocubu's Armour         Chrm/Ice       #.......     96%         3    ####...
 Regeneration             Chrm/Necr      #.........   96%         3    ####...
 Spectral Weapon          Hex/Chrm       #.......     96%         3    ####...
 Petrify                  Tmut/Erth      #.......     100%        4    #####..
 Summon Ice Beast         Ice/Summ       #.......     100%        4    #####..
 Throw Icicle             Conj/Ice       #.......     100%        4    #####..
 Metabolic Englaciation   Hex/Ice        #.........   100%        5    ######.
 Yara's Violent Unravell  Hex/Tmut       #.........   100%        5    ######.


Dungeon Overview and Level Annotations

Branches:
Dungeon (9/15)             Temple (1/1) D:4
   Lair: D:8-11         Orc: D:9-12

Altars:
Ashenzari
Cheibriados
Dithmenos
Elyvilon
Fedhas
Gozag
Hepliaklqana
Kikubaaqudgha
Makhleb
Nemelex Xobeh
Okawaru
Qazlal
Ru
Sif Muna
Trog
Uskayaw
Vehumet
Wu Jian
Xom
Yredelemnul
Zin
The Shining One

Shops:
D:5 !}}*   D:6 !


Innate Abilities, Weirdness & Mutations

You cannot wear boots.
Your serpentine skin is tough. (AC +3)
You have supernaturally acute eyesight. (SInv)
Armour fits poorly on your strangely shaped body.
Your system is resistant to poisons. (rPois)
You cover ground very slowly.
You have a slow metabolism.
You can spit poison.


Message History

The orc wizard gestures wildly while chanting.
The orc wizard seems to speed up.
The orc warrior hits you from afar with a +0 trident!
The orc wizard completely misses you. The orc wizard completely misses you.
The orc wizard hits you with a +0 dagger.
The orc warrior completely misses you. The orc wizard completely misses you.
The orc wizard gestures wildly while chanting.
The orc wizard blinks!
The orc warrior hits you but does no damage.
You can no longer pass through a line of other dancers.
There is a stone staircase leading up here.
The orc warrior hits you from afar with a +0 glaive!
* * * LOW HITPOINT WARNING * * *
The orc warrior hits you from afar with a +0 trident!
* * * LOW HITPOINT WARNING * * *
The orc wizard gestures wildly while chanting.
The orc wizard blinks!
The orc warrior hits you from afar with a +0 trident!!
You die... #...## #...8 #...# #...########### #.....o.>oo.... ###..o##oo..... #.oo# oo..... ########.§.# oY.....

.......'.@.#
h......
########...#
.......
#.§.#
.......
#...#
.....?.
#...# #...#
#...# #..o#


You could see 2 orc warriors, 2 orc wizards and an orc.

Vanquished Creatures
  A hippogriff (D:8)
  A wyvern (D:8)
  A water moccasin (D:7)
  An orc warrior (D:8)
  A sky beast (D:7)
  3 ogres
  A phantom (D:5)
  2 centaurs
  2 bullfrogs
  2 big kobolds (Sewer)
  A scorpion (D:7)
  A wyvern skeleton (D:8)
  4 killer bees (D:8)
  2 crimson imps
  3 bullfrog zombies
  10 orc wizards
  3 hounds (D:8)
  6 orc priests
  A bullfrog skeleton (D:7)
  A centaur skeleton (D:8)
  4 iguanas
  Jessica (D:3)
  Natasha (thrice) (D:2)
  3 worker ants
  3 hound skeletons
  A mummy (D:5)
  2 worker ant zombies
  3 gnolls (D:6)
  15 adders
  3 river rats (Sewer)
  A shadow imp (D:8)
  An adder skeleton (D:3)
  5 worms
  7 leopard geckos
  21 orcs
  7 ball pythons
  5 giant cockroaches
  10 goblins
  7 hobgoblins
  10 jackals
  29 kobolds
  3 quokkas
  A ball python skeleton (D:3)
  7 bats
  4 frilled lizards
  A hobgoblin zombie (D:5)
  A jackal zombie (D:3)
  2 kobold zombies (D:5)
  A leopard gecko skeleton (D:3)
  A leopard gecko zombie (D:3)
  An orc zombie (D:5)
  A quokka skeleton (D:4)
  29 rats
240 creatures vanquished.

Vanquished Creatures (others)
  A human (D:4)
1 creature vanquished.

Grand Total: 241 creatures vanquished

Notes
Turn   | Place    | Note
-------+----------+-------------------------------------------
     0 | D:1      | ANON1729 the Naga Gladiator began the quest for the Orb.
     0 | D:1      | Reached XP level 1. HP: 19/19 MP: 1/1
   221 | D:1      | Reached XP level 2. HP: 21/26 MP: 2/2
   854 | D:1      | Reached XP level 3. HP: 33/33 MP: 3/3
  1729 | D:2      | Reached XP level 4. HP: 42/42 MP: 4/4
  1773 | D:2      | Noticed Natasha
  1783 | D:2      | Killed Natasha
  1909 | D:2      | Noticed Natasha
  1917 | D:2      | Killed Natasha
  1917 | D:2      | Reached skill level 4 in Axes
  2105 | D:2      | Reached XP level 5. HP: 48/49 MP: 5/5
  2137 | D:2      | Found a radiant altar of Vehumet.
  2245 | D:2      | Noticed Natasha
  2255 | D:2      | Killed Natasha
  2568 | D:3      | Found a glowing drain.
  2653 | Sewer    | Entered a sewer
  2727 | Sewer    | Reached XP level 6. HP: 36/57 MP: 6/6
  3169 | Sewer    | Reached skill level 5 in Axes
  3311 | Sewer    | Reached XP level 7. HP: 48/66 MP: 7/7
  3871 | D:3      | Reached skill level 5 in Fighting
  3879 | D:3      | Noticed Jessica
  3882 | D:3      | Killed Jessica
  4649 | D:4      | Found a staircase to the Ecumenical Temple.
  4784 | Temple   | Entered the Ecumenical Temple
  4946 | D:4      | Found an ancient bone altar of Kikubaaqudgha.
  4951 | D:4      | Noticed a human
  4952 | D:4      | Killed a human
  5003 | D:4      | Got a twisted chain mail
  5014 | D:4      | Identified the +1 chain mail of Kuisuag {rF- Regen+ Dex+10}
                  | (You found it on level 4 of the Dungeon)
  5127 | D:4      | Reached skill level 6 in Axes
  5497 | D:5      | Entered Level 5 of the Dungeon
  5602 | D:5      | Reached XP level 8. HP: 67/76 MP: 8/8
  5638 | D:5      | Found Zoqyutox's Distillery.
  5648 | D:5      | Bought a potion of degeneration for 13 gold pieces
  5648 | D:5      | Bought a potion of curing for 39 gold pieces
  5714 | D:5      | Found Wot Ryhi's Gadget Boutique.
  5751 | D:5      | Found Keafaoc's Assorted Antiques.
  5765 | D:5      | Bought a scroll labeled NUSAUB XAOSS for 35 gold pieces
  5765 | D:5      | Bought a scroll labeled QAROTR MEAKAO for 35 gold pieces
  5811 | D:5      | Got a warped flail
  5868 | D:5      | Reached skill level 7 in Axes
  5990 | D:5      | Found Alycle Lokk's Gadget Emporium.
  6271 | D:6      | Found a hide-covered altar of Uskayaw.
  6271 | D:6      | Found a basalt altar of Yredelemnul.
  6292 | D:6      | Found an opulent altar of Gozag.
  6297 | D:6      | Became a worshipper of Uskayaw the Reveler
  6300 | D:6      | Found a snail-covered altar of Cheibriados.
  6300 | D:6      | Found a glowing silver altar of Zin.
  6302 | D:6      | Found a shimmering altar of Xom.
  6341 | D:6      | Reached * piety under Uskayaw
  6384 | D:6      | Reached ** piety under Uskayaw
  6386 | D:6      | Found Koce Von's Distillery.
  6431 | D:6      | Reached *** piety under Uskayaw
  6683 | D:6      | Found a white marble altar of Elyvilon.
  7160 | D:7      | Reached XP level 9. HP: 81/86 MP: 9/9
  7292 | D:7      | Reached skill level 8 in Axes
  7590 | D:7      | Reached skill level 5 in Dodging
  8426 | D:8      | Reached **** piety under Uskayaw
  8460 | D:8      | Got a spiked scale mail
  8471 | D:8      | Identified the cursed +1 scale mail "Lieg Hin" {rF+ Int+4
                  | Slay+3} (You found it on level 8 of the Dungeon)
  8572 | D:8      | HP: 1/90 [orc warrior/+0 trident (7)]
  8573 | D:8      | Reached skill level 9 in Axes
  9219 | D:9      | Slain by an orc warrior

Skill      XL: |  1  2  3  4  5  6  7  8  9 |
---------------+----------------------------+-----
Fighting       | 3 4 5 7 8 |  8.8
Axes           | 4 5 6 7 9 |  9.2
Dodging        | 3 4 5 |  5.5
Throwing       | |  1.8

Action                   |  1- 3 |  4- 6 |  7- 9 || total
-------------------------+-------+-------+-------++-------
Melee: War axe           |   106 |   215 |   448 ||   769
Invok: Stomp             |       |       |     3 ||     3
       Line Pass         |       |       |     1 ||     1
 Abil: Spit Poison       |       |       |     2 ||     2
  Use: Potion            |     1 |       |     3 ||     4
       Scroll            |       |       |    11 ||    11
 Stab: Sleeping          |       |       |     1 ||     1
       Paralysed         |       |       |     4 ||     4
  Eat: Chunk             |       |     6 |    14 ||    20
       Ration            |       |       |     1 ||     1
Armor: Leather armour    |    35 |   101 |    43 ||   179
       Chain mail        |       |       |   177 ||   177
       Scale mail        |       |       |    30 ||    30
Dodge: Dodged            |    69 |   139 |   302 ||   510
